 Dungeon Crawl Stone Soup version 0.30-b1-2-g02819fbbbe (webtiles) character file.

Game seed: 13575984881719766014

132 nightchill the Chopper (level 4, 0/41 HPs)
             Began as a Minotaur Fighter on Jan 11, 2024.
             Slain by an ogre
             ... wielding a +0 giant club
              (21 damage)
             ... on level 4 of the Dungeon.
             The game lasted 00:02:40 (2374 turns).

nightchill the Chopper (Minotaur Fighter)           Turns: 2374, Time: 00:02:41

Health: 0/41       AC: 10    Str: 23    XL:     4   Next: 92%
Magic:  3/3        EV:  8    Int:  5    God:
Gold:   172        SH:  4    Dex:  9    Spells: 3/3 levels left

rFire   . . .        a - +0 war axe
rCold   . . .        c - +0 buckler
rNeg    . . .        o - +0 chain mail
rPois   .            (helmet restricted)
rElec   .            (no cloak)
rCorr   .            (no gloves)
SInv    .            s - +0 pair of boots
Will    .....        (no amulet) Stlth
                     (no ring)
HPRegen 0.26/turn    (no ring)
MPRegen 0.08/turn

%: no passive effects
@: no status effects
A: horns 2, retaliatory headbutt
a: no special abilities


You were on level 4 of the Dungeon.
You visited 1 branch of the dungeon, and saw 4 of its levels.

You collected 172 gold pieces.

Inventory:

Hand Weapons
 a - a +0 war axe (weapon)
Armour
 b - a +0 scale mail
 c - a +0 buckler (worn)
 o - a +0 chain mail (worn)
 s - a +0 pair of boots (worn)
Jewellery
 g - a ring of positive energy
 p - a ring of magical power
Scrolls
 e - 4 scrolls of identify {unknown}
 f - a scroll of vulnerability {unknown}
 l - a scroll of butterflies {unknown}
 m - a scroll of fear {unknown}
 q - a scroll of immolation {unknown}
 r - a scroll of teleportation {unknown}
Potions
 d - a potion of might
 h - 3 potions of magic {unknown}
 i - 4 potions of heal wounds {unknown}
 j - 4 potions of curing {unknown}
 k - 2 potions of flight {unknown}
 n - a potion of haste {unknown}


   Skills:
 + Level 4.8 Fighting
 * Level 5.3 Axes
 - Level 3.6 Armour
 - Level 3.6 Shields


You had 3 spell levels left.
You didn't know any spells.
Your spell library contained the following spells:

 Spells                   Type           Power      Damage    Failure   Level
 Blink                    Tloc           0%         N/A       99%         2
 Lesser Beckoning         Tloc           0%         N/A       99%         2
 Momentum Strike          Conj/Tloc      0%         3d8       99%         2


Dungeon Overview and Level Annotations

Branches:
Dungeon (4/15)
 Temple: D:4-7

Altars:

Annotations:
D:3 1 runed translucent door, Crazy Yiuf


Innate Abilities, Weirdness & Mutations

You have a pair of horns on your head.
You reflexively headbutt those who attack you in melee.


Message History

Found a scroll labelled XAHOPH WOBEDI and a fuming coppery potion.
There is a stone staircase leading up here.
There are monsters nearby!
An ogre comes into view. It is wielding a +0 giant club.
The white imp misses you.
You hit the white imp.
The white imp is moderately wounded.
You closely miss the white imp.
A scorpion comes into view.
The white imp hits you but does no damage.
The white imp barely misses you.
You hit the white imp.
You headbutt the white imp, but do no damage.
The white imp is heavily wounded.
You hit the white imp.
The white imp hits you but does no damage.
The white imp gestures at you.
The puff of frost hits you but does no damage.
You barely miss the white imp. Your headbutt misses the white imp.
The white imp is heavily wounded.
You barely miss the white imp.
The white imp hits you but does no damage.
The white imp gestures at you. The puff of frost hits you.
You closely miss the white imp.
The white imp is heavily wounded.
You slash the ogre! You barely miss the white imp.
The white imp hits you but does no damage.
The ogre hits you with a +0 giant club!
The white imp hits you but does no damage.
The white imp attacks as you move away! You block the white imp's attack.
The white imp lashes its tail.
The white imp closely misses you. The white imp gestures at you.
The puff of frost hits you but does no damage.
There is a stone staircase leading up here.
The white imp barely misses you.
The ogre hits you with a +0 giant club!!
Ouch! That really hurt!
You die...

... .. .#### #
#...###.
###......
.###P.....#
.......5s.#
#.P.O@#
#P..5....?...
.....###.#######
...# #.# .. #.#
. ... ... !...


You could see an ogre, a scorpion and 2 white imps.

Vanquished Creatures
  Jessica (D:2)
  An orc wizard (D:3)
  A gnoll (D:1)
  2 adders (D:2)
  A dart slug (D:2)
  2 orcs (D:3)
  3 ball pythons
  2 bats (D:3)
  4 endoplasms
  2 giant cockroaches
  A goblin (D:1)
  10 hobgoblins
  4 jackals (D:1)
  3 quokkas
  5 frilled lizards
  2 kobolds
  3 rats
47 creatures vanquished.

Notes
Turn   | Place    | Note
-------+----------+-------------------------------------------
     0 | D:1      | nightchill the Minotaur Fighter began the quest for the
                  | Orb.
     0 | D:1      | Reached XP level 1. HP: 19/19 MP: 0/0
   342 | D:1      | Reached skill level 3 in Axes
   550 | D:1      | Reached XP level 2. HP: 27/27 MP: 1/1
   942 | D:2      | Reached XP level 3. HP: 28/33 MP: 2/2
  1054 | D:2      | Reached skill level 4 in Axes
  1161 | D:2      | Noticed Jessica
  1171 | D:2      | Killed Jessica
  1172 | D:2      | Reached XP level 4. HP: 32/41 MP: 3/3
  1757 | D:3      | Reached skill level 5 in Axes
  2260 | D:3      | Found a runed translucent door.
  2261 | D:3      | Noticed Crazy Yiuf
  2368 | D:4      | Noticed an ogre
  2369 | D:4      | Noticed a scorpion
  2374 | D:4      | Slain by an ogre

Illustrated notes

Levels and vault maps discovered:
D:1:      psy_arrival_conway, layout_basic
D:2:      layout_loops_cross, uniq_jessica
D:3:      layout_loops_ring, kennysheep_generic_room_14, uniq_crazy_yiuf_cottage
D:4:      layout_rooms, serial_demonic, serial_demonic_b, serial_demonic_d,
          serial_demonic_d, serial_demonic_b, serial_demonic_g,
          nicolae_shop_i_like_small_books_too

Skill      XL: |  1  2  3  4 |
---------------+-------------+-----
Axes           | 3 4 5 |  5.3
Fighting       | 4 |  4.8
Armour         | |  3.6
Shields        | |  3.6

Action                     |  1- 3 |  4- 6 || total
---------------------------+-------+-------++-------
  Melee: War axe           |    61 |    56 ||   117
         Headbutt          |     5 |     9 ||    14
 Armour: Scale mail        |    28 |     1 ||    29
         Chain mail        |       |    43 ||    43
  Dodge: Dodged            |    24 |    13 ||    37
  Block: Buckler           |    11 |    11 ||    22
